 Dungeon Crawl Stone Soup version 0.31-a0-234-gad7ace16ef (webtiles) character file.

Game seed: 6310451157731393222

79 qw the Shooter (level 4, 0/36 HPs)
             Began as a Minotaur Hexslinger on July 9, 2023.
             Slain by Grinder (9 damage)
             ... on level 3 of the Dungeon.
             The game lasted 00:00:33 (1625 turns).

qw the Shooter (Minotaur Hexslinger)                Turns: 1625, Time: 00:00:34

Health: 0/36       AC:  2    Str: 13    XL:     4   Next: 16%
Magic:  4/4        EV: 12    Int: 10    God:
Gold:   105        SH:  0    Dex: 14    Spells: 4/5 levels left

rFire   . . .        Y - +2 sling
rCold   . . .        (no shield)
rNeg    . . .        c - +0 robe
rPois   .            (helmet restricted)
rElec   .            (no cloak)
rCorr   .            (no gloves)
SInv    .            (no boots)
Will    .....        (no amulet)
Stlth   +            (no ring)
HPRegen 0.26/turn    (no ring)
MPRegen 0.09/turn

%: no passive effects
@: no status effects
A: horns 2, retaliatory headbutt
a: no special abilities


You were on level 3 of the Dungeon.
You visited 1 branch of the dungeon, and saw 3 of its levels.

You collected 105 gold pieces.


Innate Abilities, Weirdness & Mutations

You have a pair of horns on your head.
You reflexively headbutt those who attack you in melee.


   Skills:
 - Level 2.0 Fighting
 + Level 4.7 Ranged Weapons
 - Level 2.1 Dodging
 - Level 1.0 Spellcasting
 - Level 2.0 Hexes


You had 4 spell levels left.
You knew the following spells:

 Your Spells              Type           Power      Damage    Failure   Level
a - Slow                  Hex            16%        N/A       16%         1

Your spell library contained the following spells:

 Spells                   Type           Power      Damage    Failure   Level
 Inner Flame              Hex/Fire       2%         N/A       56%         3
 Portal Projectile        Hex/Tloc       4%         N/A       56%         3
 Cause Fear               Hex            2%         N/A       83%         4

Inventory:

Hand Weapons
 Y - a +2 sling (weapon)
Armour
 c - a +0 robe (worn)
Jewellery
 e - a ring of magical power
Potions
 a - 2 potions of curing {unknown}
 b - a potion of might {unknown}
 d - a potion of berserk rage {unknown}
 f - a potion of resistance {unknown}
 h - a potion of cancellation
 i - a potion of invisibility {unknown}

Dungeon Overview and Level Annotations

Branches:
Dungeon (3/15)

Altars:

Shops:
D:3 (

Annotations:
D:3 Grinder, Sigmund


Message History

Enter note:
There is an open door here.
A ball python comes into view.
You shoot a sling bullet.
The sling bullet closely misses the ball python.
You hear a shout!
You shoot a sling bullet. The sling bullet hits the ball python.
You kill the ball python!
Sigmund the Dreaded comes into view.
He is wielding a +0 scythe.
Grinder comes into view.
1615 ||| Stepping ~*~*~tactically~*~*~ (outnumbered).
You shoot a sling bullet.
The sling bullet closely misses Grinder.
You shoot a sling bullet. The sling bullet hits Grinder.
Grinder is lightly wounded.
Grinder hits you!
You writhe in agony.
You shoot a sling bullet.
The sling bullet closely misses Grinder.
Grinder barely misses you.
You shoot a sling bullet. The sling bullet hits Grinder.
Grinder is moderately wounded.
Grinder barely misses you.
You shoot a sling bullet.
The sling bullet closely misses Grinder.
Grinder gestures at you.
You suddenly lose the ability to move!
Grinder hits you!
You writhe in agony.
Grinder barely misses you.
You can move again.
You shoot a sling bullet. The sling bullet barely misses Grinder.
Grinder hits you but does no damage.
You shoot a sling bullet. The sling bullet hits Grinder.
Grinder is moderately wounded.
Grinder gestures at you.
You shrug off the repeated paralysis!
You shoot a sling bullet.
The sling bullet closely misses Grinder.
Grinder gestures at you. Pain shoots through your body! Grinder hits you!
You die...

### #############
##.###...........#
#..#\'.#########.#
#..##### #.# #..#
#####.# ##. #.....# #
#.....# #.# #.....#
####.# #####...@.#
#....# #........5#
#....#
#...............@
#....#
#.........####...
#....# #.###........
##....###.###########
...........)...>.
##....###.#####.#
##....# #.#


You could see Grinder.

Vanquished Creatures
  A gnoll (D:1)
  2 adders (D:2)
  A worm (D:2)
  A dart slug (D:2)
  6 endoplasms
  4 giant cockroaches
  3 goblins
  3 hobgoblins (D:2)
  5 kobolds
  A quokka (D:1)
  4 ball pythons
  6 bats
  3 frilled lizards
  5 rats
45 creatures vanquished.

Notes
Turn   | Place    | Note
-------+----------+-------------------------------------------
     0 | D:1      | qw the Minotaur Hexslinger began the quest for the Orb.
     0 | D:1      | Reached XP level 1. HP: 16/16 MP: 1/1
     0 | D:1      | 0 ||| qw: Version: 0.3-a-51-g015441d
     0 | D:1      | 0 ||| qw: Game counter: 4153
     0 | D:1      | 0 ||| qw: Melee chars always use a shield: true
     0 | D:1      | 0 ||| qw: God list: Okawaru
     0 | D:1      | 0 ||| qw: Allow faded altars: false
     0 | D:1      | 0 ||| qw: Do Orc after clearing Dungeon:15 true
     0 | D:1      | 0 ||| qw: Do second Lair branch before Depths: true
     0 | D:1      | 0 ||| qw: Lair rune preference: random
     0 | D:1      | 0 ||| qw: Goals: Normal
     0 | D:1      | 0 ||| PLANNING D:1-11
    72 | D:1      | Reached skill level 3 in Ranged Weapons
    72 | D:1      | Reached XP level 2. HP: 15/23 MP: 2/2
   336 | D:1      | Found a faded altar of an unknown god.
   492 | D:1      | Reached XP level 3. HP: 29/29 MP: 3/3
   632 | D:1      | 632 ||| READING scroll labelled INNOMO ISATO.
   633 | D:1      | 633 ||| READING scroll labelled CASCHA EFRES.
   634 | D:1      | 634 ||| READING scroll labelled GIAPNA KADIDD.
   635 | D:1      | 635 ||| READING scroll labelled ZIENTA MAXTA.
   636 | D:1      | 636 ||| READING scroll labelled ELUW ZYERGHOREA.
   641 | D:1      | 641 ||| READING scroll labelled ICIWOQ POSTO.
   642 | D:1      | 642 ||| DRINKING 2 bubbling cyan potions.
   643 | D:1      | 643 ||| DROPPING scroll of poison.
   877 | D:2      | Reached skill level 4 in Ranged Weapons
  1061 | D:2      | Reached XP level 4. HP: 28/36 MP: 4/4
  1381 | D:2      | 1381 ||| READING scroll labelled XUQAOCK LETENK.
  1382 | D:2      | 1382 ||| DRINKING 2 glowing clear potions.
  1383 | D:2      | 1383 ||| DROPPING potion of brilliance.
  1591 | D:3      | Found Deomurir's Weapon Boutique.
  1614 | D:3      | Noticed Sigmund
  1614 | D:3      | Noticed Grinder
  1615 | D:3      | 1615 ||| Stepping ~*~*~tactically~*~*~ (outnumbered).
  1620 | D:3      | Paralysed by Grinder for 3 turns
  1625 | D:3      | HP: 9/36 [Grinder/nerve-wracking pain (7)]
  1625 | D:3      | Slain by Grinder

Levels and vault maps discovered:
D:1:      reono_arrival_forest_river, layout_loops_ring,
          ebering_ecumenical_altar_box, feat_on_display
D:2:      layout_basic, minmay_misc_feat_pillars
D:3:      layout_basic, serial_shops, nicolae_shop_window_shopping,
          nicolae_houndstooth_variations, uniq_grinder, uniq_sigmund

Skill      XL: |  1  2  3 |
---------------+----------+-----
Ranged Weapons | 3 4 |  4.7
Fighting       | 2 |  2.0
Dodging        | |  2.1
Spellcasting   | |  1.0
Hexes          | |  2.0

Action                     |  1- 3 |  4- 6 || total
---------------------------+-------+-------++-------
   Fire: Sling             |    96 |    23 ||   119
    Use: Scroll            |     6 |     1 ||     7
         Potion            |     1 |     1 ||     2
 Armour: Robe              |     7 |     1 ||     8
  Dodge: Dodged            |    26 |     4 ||    30

Table legend:
 A = Non-vault XP
 B = Vault XP
 C = Vault XP percentage of total XP
 D = Non-vault monster count
 E = Vault monster count
 F = Vault count percentage of total count
                 A         B        C        D         E       F
            +---------+---------+-------+---------+---------+-------
      Total |     113 |       0 |   0.0 |      45 |       0 |   0.0
            +---------+---------+-------+---------+---------+-------
        D:1 |      42 |       0 |   0.0 |      18 |       0 |   0.0
        D:2 |      62 |       0 |   0.0 |      21 |       0 |   0.0
        D:3 |       9 |       0 |   0.0 |       6 |       0 |   0.0
            +---------+---------+-------+---------+---------+-------
